← All builds
Tech / Armada / Economy first / OBSERVED BUILD

Standard tech

Armada Tech (Eco) build order · Supreme Isthmus

Rushes T2 by 4:15, gets Advanced Metal Extractor around 5:28, hands off T2 constructors to Geo and the team, then scales eco and supplies the team's T2 needs through the rest of the game.

Usually first T2 con to Geo (83%)

#eco #t2 #team support · 1574 distinct matches · 255 players · 58% of Armada Tech games · team won 53% of 1868 · Recently observed

HOW TO PLAY IT

Key timing: T2 factory by 4:15

  1. Open 3 mex and heavy wind to fund a fast T2 rush.
  2. Put down Bot Lab, planning to eat it for reclaim soon after.
  3. Get Advanced Bot Lab up, hitting the T2 factory rush timing.
  4. Upgrade mex to Advanced Metal Extractor to lock in team metal income.
  5. Eat Advanced Bot Lab and keep sending cons to Geo and Pond.

Phase by phase

TYPICAL OF ITS 1574 GAMES
  1. 1
  2. 2
  3. 3
  4. 4
PLAY THE OPENING

Follow the example game's first 6:00 step by step: what to build now, what comes next, and where it goes. At 1× it keeps pace with your own game.

  1. 1

    Up to the Bot Lab

    Economy
    • Metal Extractor3Mex
    • Wind Turbine4Wind
    Order
    1. Bot LabBot Lab after 3 mex, 4 winddone ~1:18, middle half 1:13–1:32

    Some games also: energy storage (31%)

    By 1:01 in all: 3 mex · 4 wind

    The example game in this phase · 3 steps
    1. Mex ×3
    2. Wind ×3
    3. Bot LabBot Labdone 1:12 · typical 1:18
  2. 2

    Bot Lab to Advanced Bot Lab

    Economy
    • Metal Extractor1Mex
    • Wind Turbine8Wind
    • Energy Storage1Energy storage
    Order
    1. Advanced Bot LabAdvanced Bot Lab after 4 mex, 12 wind, 3 con turretdone ~4:16, middle half 4:04–4:30
    Builders
    • Construction Turret3 Con turret
    • Lazarus3 Lazarus
    • Construction Bot2 Con bot
    • Construction Bot1 Con bot for allies

    Some games also: converter (36%)

    By 3:18 in all: 4 mex · 12 wind · 1 energy storage · 3 con turret

    The example game in this phase · 9 steps
    1. LazarusLazarus
    2. Wind ×5
    3. LazarusLazarus
    4. Wind ×2
    5. Construction BotCon bot ×3
    6. Energy storage
    7. Mex
    8. Con turret ×2
    9. Advanced Bot LabAdvanced Bot Labdone 3:58 · typical 4:16
  3. 3

    Advanced Bot Lab to 5:00

    Economy
    • Wind Turbine3Wind
    Order
    1. Bot LabEat Bot Lab
    Builders
    • Advanced Construction Bot1 T2 con bot for allies

    Some games also: converter (35%)

    By 5:00 in all: 4 mex · 15 wind · 1 converter · 1 energy storage · 3 con turret

    The example game in this phase · 4 steps
    1. Bot LabEat Bot Labreclaimed for its metal
    2. Advanced Construction BotT2 con botfor Geo
    3. Advanced Metal ExtractorT2 mexdone 4:58 · typical 5:29
    4. Advanced Construction BotT2 con botfor Air
  4. 4

    5:00 to 10:00

    Economy
    • Wind Turbine43Wind
    • Energy Converter6Converter
    Builders
    • Butler9 Butler
    • Advanced Construction Bot4 T2 con bot for allies
    • Advanced Construction Bot1 T2 con bot

    Some games also: con turret (43%) · Butler for allies (37%)

    By 10:00 in all: 4 mex · 58 wind · 8 converter · 1 energy storage · 3 con turret

    The example game in this phase · 197 steps
    1. Advanced Metal ExtractorT2 mex
    2. Advanced Construction BotT2 con botfor Pond
    3. Wind
    4. Con turret
    5. Advanced Metal ExtractorT2 mex
    6. ButlerButler ×2
    7. Wind
    8. Advanced Metal ExtractorT2 mex
    9. ButlerButler
    10. Wind ×8
    11. Converter
    12. Wind ×4
    13. Advanced Construction BotT2 con botfor Beach sea
    14. Wind ×3
    15. Converter
    16. Wind ×2
    17. ButlerButler
    18. Wind ×2
    19. ButlerButler
    20. Wind ×2
    21. Converter
    22. Wind
    23. ButlerButler
    24. Wind ×3
    25. ButlerButler
    26. Wind ×2
    27. ButlerButler
    28. Wind ×2
    29. ButlerButler
    30. Converter
    31. Wind ×9
    32. ButlerButler
    33. Wind ×4
    34. ButlerButler
    35. Converter
    36. Wind ×12
    37. Converter
    38. Wind
    39. Con turret
    40. Wind ×4
    41. Converter
    42. Wind ×2
    43. Con turret
    44. Converter
    45. Wind ×3
    46. Con turret
    47. Wind ×4
    48. Converter
    49. Wind ×4
    50. Converter
    51. Wind ×4
    52. Converter ×2
    53. Wind ×7
    54. Converter
    55. Wind
    56. Converter
    57. Wind ×5
    58. Converter
    59. Wind ×3
    60. Converter
    61. Wind ×3
    62. Converter ×2
    63. TumbleweedRolling bomb
    64. Wind ×10
    65. Converter
    66. TumbleweedRolling bomb
    67. Wind ×4
    68. Converter
    69. TumbleweedRolling bomb
    70. Converter
    71. Wind ×5
    72. TumbleweedRolling bomb
    73. Wind ×4
    74. TumbleweedRolling bomb
    75. Converter
    76. Wind ×4
    77. Converter
    78. Wind ×4
    79. Converter
    80. Metal storage
    81. Wind ×6
    82. Converter
    83. Wind ×2
    84. Converter
    85. Wind
    86. Advanced Bot LabEat Advanced Bot Labreclaimed for its metal
    87. Wind ×5
    88. Con turret
    89. Wind
    90. Converter
    91. Wind ×5
    92. Con turret
    93. Wind ×3
    94. Converter
    95. Wind
    96. Converter
    97. Wind ×2
    98. Aircraft PlantAircraft Plantdone 10:48
    99. Wind ×4
    100. Converter
    101. Wind ×7
    102. Converter
    103. Construction AircraftCon aircraft
    104. Wind
    105. Converter
    106. Wind ×3
    107. Advanced Aircraft PlantAdvanced Aircraft Plantdone 11:25
    108. Wind ×2
    109. Converter
    110. Wind ×6
    111. Converter
    112. Wind
    113. Converter
    114. Wind ×7
    115. Converter
    116. Wind ×6
    117. Converter
    118. Wind ×2
    119. OracleOracle
    120. Converter
    121. Wind ×4
    122. Aircraft PlantEat Aircraft Plantreclaimed for its metal
    123. LicheLichedone 12:23
    124. Wind ×4
    125. Converter
    126. Wind ×4
    127. Converter ×2
    128. Wind ×8
    129. Converter
    130. Wind ×4
    131. Converter
    132. Advanced Construction AircraftT2 con aircraftfor Pond
    133. Wind ×4
    134. Converter
    135. Wind ×4
    136. Con turret
    137. Converter
    138. Wind ×3
    139. Advanced Construction AircraftT2 con aircraft
    140. Wind
    141. Con turret
    142. Wind
    143. Converter
    144. Wind ×2
    145. Con turret
    146. Wind
    147. Converter
    148. Con turret
    149. Wind ×3
    150. Con turret
    151. Wind
    152. Con turret
    153. Wind ×4
    154. Converter
    155. Wind ×2
    156. Converter
    157. Wind ×6
    158. Converter
    159. Wind ×8
    160. Converter ×2
    161. Wind ×2
    162. Advanced Fusion ReactorAdvanced Fusion Reactornot finished by 15:00
    163. Wind ×3
    164. Converter
    165. Wind ×7
    166. Converter ×2
    167. Con turret
    168. Wind
    169. Con turret
    170. Wind ×3
    171. Con turret ×2
    172. Wind ×4
    173. Con turret
    174. Converter
    175. Con turret
    176. Wind ×4
    177. OracleOracle
    178. Converter ×2
    179. Wind ×4
    180. OracleOracle
    181. Wind ×4
    182. Converter
    183. Wind ×4
    184. Advanced Aircraft PlantEat Advanced Aircraft Plantreclaimed for its metal
    185. Wind ×3
    186. Converter
    187. Wind
    188. Converter
    189. Wind ×4
    190. Converter
    191. Wind ×8
    192. Converter
    193. Wind
    194. Converter
    195. Wind ×3
    196. Converter
    197. Wind ×5

Counts are medians over the build's games: half of them build more, half fewer. The example game is GoldReasons's (34 OS, 27/09/2026); pick another.

Team trades

IN AT LEAST 30% OF ITS GAMES

You hand over

  • Construction Bot1 Con bot to Airfirst at 2:24 · in 84% of games
  • Advanced Construction Bot5 T2 con bot to Air or Geo sea or Pondfirst at 4:50 · in 99% of games
  • Butler2 Butler to Geo sea or Beach sea or Pondfirst at 9:07 · in 42% of games

You get

  • Hercules1 Light transport from Airfirst at 4:01 · in 86% of games

How it plays out

Typical game of this build, running totals by minute

Metal produced

020k40k
0:005:0010:0015:00

metal

Enemy metal destroyed

050100
0:005:0010:0015:00

metal

Own metal lost

050100150
0:005:0010:0015:00

metal

1868 games.

Show as table
ByMetal produced: This buildEnemy metal destroyed: This buildOwn metal lost: This build
1:0038300
2:0091500
3:00165100
4:00314300
5:00484800
6:00580000
7:00722700
8:00906100
9:001116900
10:001350200
11:001623900
12:001965200
13:002344100
14:0027357074
15:003153885130
WHAT THE NUMBERS SAY

Standard Tech play barely fights at all early, instead pouring metal into T2 infrastructure and constructors for the team.

  • + Metal produced hits 31679 by 15:00, by far the highest of any role here.
  • + T2 factory reached in 97% of games by 4:15, fastest and most reliable T2 timing.
  • − Enemy metal destroyed stays at 0 through 10:00, no early offense at all.
  • − Own metal lost also near 0, showing total avoidance of combat risk.
THE EXAMPLE YOU ARE READING

GoldReasons

33.8 OS · 27/09/2026

Open source match ↗

1 received units
2193 metal received · 70653 energy received

Allied construction assistance is unknown. Timings are observations, not a promise of solo reproducibility.

Typical milestones

Bot Lab1:18Middle 50%: 1:13–1:32 · n=1868
Advanced Bot Lab4:16Middle 50%: 4:04–4:30 · n=1861
Advanced Metal Extractor5:29Middle 50%: 5:06–5:59 · n=1864

Played most by

Amrissa93games of this buildTheGeneraI66games of this buildAdeus57games of this buildEl_Turco56games of this buildKOT_43games of this build